 Dungeon Crawl Stone Soup version 0.28-a0-48-gfd831c5874 (webtiles) character file.

Game seed: 14655665837371588036

79972 Pooter the Severer (level 15, -5/132 HPs)
             Began as a Minotaur Fighter on July 29, 2021.
             Was a High Priest of Makhleb.
             Killed from afar by an efreet (11 damage)
             ... with a bolt of fire
             ... on level 3 of the Abyss on July 30, 2021.
             The game lasted 02:43:51 (27430 turns).

Pooter the Severer (Minotaur Fighter)              Turns: 27430, Time: 02:43:52

Health: -5/132     AC: 26    Str: 30    XL:     15   Next: 22%
Magic:  0/20       EV:  6    Int:  5    God:    Makhleb [*****.]
Gold:   124        SH: 12    Dex: 11    Spells: 14/14 levels left

rFire   . . .      SeeInvis .   a - +11 war axe of Ambiguity {freeze, rPois rF- Str+3}
rCold   . . .      Faith    .   c - +0 kite shield
rNeg    . . .      Spirit   +   z - +6 plate armour
rPois   +          Reflect  .   W - +0 hat
rElec   .          Harm     .   T - +0 cloak
rCorr   .          Rampage  .   m - +0 pair of gloves
Will    +....      Clarity  +   q - +2 pair of boots of Space {Str+4 Int-3}
Stlth   ..........              G - amulet of guardian spirit
HPRegen 0.32/turn               F - ring of protection from fire
MPRegen 0.17/turn               P - +4 ring of slaying

@: mighty, about to teleport, studying Air Magic
A: horns 2, retaliatory headbutt, clarity
a: Renounce Religion, Minor Destruction, Lesser Servant of Makhleb, Major
Destruction, Greater Servant of Makhleb


You were on level 3 of the Abyss.
You worshipped Makhleb.
Makhleb was extremely pleased with you.
You visited 4 branches of the dungeon, and saw 22 of its levels.
You visited the Abyss 1 time.

You collected 2211 gold pieces.
You spent 2087 gold pieces at shops.

Inventory:

Hand Weapons
 a - the +11 war axe of Ambiguity (weapon) {freeze, rPois rF- Str+3}
   (You found it on level 4 of the Lair of Beasts)

   It freezes those it strikes, dealing additional cold damage.
   It can also slow down cold-blooded creatures.
   Str:       It affects your strength (+3).
   rF:        It makes you vulnerable to fire.
   rPois:     It protects you from poison.
 b - a +3 hand crossbow
   (You took it off a kobold on level 6 of the Dungeon)
 w - a +4 broad axe of flaming
   (You acquired it on level 3 of the Dungeon)
 O - the +8 whip "Snakebite" {venom, curare, rPois}
   (You found it on level 1 of the Lair of Beasts)

   It poisons the flesh of those it strikes.
   It occasionally inflicts asphyxiating poison on those it strikes, dealing
   poison damage and causing slowness.
   rPois:     It protects you from poison.
 Z - the +8 long sword "Sodes" {chaos, rElec rCorr Int+2 Dex+4}
   (You found it on level 5 of the Lair of Beasts)

   Each time it hits an enemy it has a different, random effect.
   Int:       It affects your intelligence (+2).
   Dex:       It affects your dexterity (+4).
   rElec:     It insulates you from electricity.
   rCorr:     It protects you from acid and corrosion.
Missiles
 l - 10 curare-tipped darts
 H - 18 boomerangs (quivered)
 Q - 171 bolts
Armour
 c - a +0 kite shield (worn)
 m - a +0 pair of gloves (worn)
   (You found it on level 8 of the Dungeon)
 q - the +2 pair of boots of Space (worn) {Str+4 Int-3}
   (You acquired it on level 3 of the Dungeon)

   Str:       It affects your strength (+4).
   Int:       It affects your intelligence (-3).
 z - a +6 plate armour (worn)
   (You found it on level 7 of the Dungeon)
 T - a +0 cloak (worn)
   (You found it on level 1 of the Lair of Beasts)
 U - a +2 pair of boots of rampaging
   (You found it on level 3 of the Lair of Beasts)
 V - a +0 pair of boots of flying
   (You found it on level 4 of the Lair of Beasts)
 W - a +0 hat (worn)
   (You found it on level 4 of the Lair of Beasts)
Jewellery
 i - a +6 ring of strength
   (You bought it in a shop on level 2 of the Dungeon)
 F - a ring of protection from fire (left hand)
   (You found it on level 4 of the Lair of Beasts)
 G - an amulet of guardian spirit (around neck)
   (You found it on level 5 of the Dungeon)
 I - a ring of protection from cold
   (You found it on level 1 of the Lair of Beasts)
 N - a ring of positive energy
   (You found it on level 3 of the Lair of Beasts)
 P - a +4 ring of slaying (right hand)
   (You bought it in a shop on level 8 of the Dungeon)
 S - a ring of see invisible
   (You bought it in a shop on level 8 of the Dungeon)
Wands
 d - a wand of iceblast (17)
   (You found it on level 8 of the Dungeon)
 f - a wand of flame (62)
   (You took it off Sigmund on level 5 of the Dungeon)
 j - a wand of mindburst (2)
   (You found it on level 5 of the Dungeon)
 u - a wand of paralysis (22)
   (You took it off a wight on level 6 of the Dungeon)
 x - a wand of acid (2)
   (You found it on level 6 of the Dungeon)
 C - a wand of polymorph (15)
   (You found it on level 6 of the Lair of Beasts)
 K - a wand of charming (28)
   (You found it on level 10 of the Dungeon)
Scrolls
 g - 3 scrolls of magic mapping
 n - a scroll of noise {!r}
 t - 5 scrolls of teleportation {@r4}
 y - 5 scrolls of fear
 A - 4 scrolls of fog
 D - 3 scrolls of immolation {!r}
 R - a scroll of silence
Potions
 k - a potion of heal wounds {@q2}
 o - 2 potions of haste {@q3}
 p - a potion of resistance
 r - 3 potions of mutation {!q}
 s - 3 potions of lignification {!q}
 v - 3 potions of flight
 B - 2 potions of invisibility
 E - 4 potions of cancellation
 L - 3 potions of berserk rage
 X - 2 potions of curing {@q1}
 Y - 2 potions of attraction {!q}
Miscellaneous
 e - a lightning rod (4/4) {!a}
   (You found it on level 6 of the Lair of Beasts)
 h - a box of beasts
   (You found it on level 3 of the Lair of Beasts)
 M - a phial of floods
   (You found it on level 1 of the Lair of Beasts)


   Skills:
 + Level 11.8 Fighting
 + Level 5.3 Long Blades
 * Level 15.3(15.8) Axes
 - Level 7.0(12.2) Maces & Flails
 + Level 8.5 Slings
 - Level 10.0 Crossbows
 + Level 8.8 Armour
 + Level 8.7 Stealth
 + Level 8.5 Shields
 + Level 8.0 Invocations
 + Level 7.6 Evocations


You had 14 spell levels left.
You didn't know any spells.
Your spell library contained the following spells:

 Spells                   Type           Power      Damage    Failure   Level
 Foxfire                  Conj/Fire      0%         2x1d4     100%        1
 Magic Dart               Conj           0%         1d3       100%        1
 Pain                     Necr           0%         1d4       100%        1
 Summon Small Mammal      Summ           0%         N/A       100%        1
 Blink                    Tloc           N/A        N/A       100%        2
 Call Imp                 Summ           0%         N/A       100%        2
 Corpse Rot               Necr/Air       N/A        N/A       100%        2
 Searing Ray              Conj           0%         3d3       100%        2
 Slow                     Hex            0%         N/A       100%        2
 Call Canine Familiar     Summ           0%         N/A       100%        3
 Confusing Touch          Hex            0%         N/A       100%        3
 Conjure Flame            Conj/Fire      0%         6-21      100%        3
 Dazzling Flash           Conj/Hex       0%         N/A       100%        3
 Inner Flame              Hex/Fire       0%         N/A       100%        3
 Mephitic Cloud           Conj/Pois/Air  0%         N/A       100%        3
 Portal Projectile        Hex/Tloc       0%         N/A       100%        3
 Stone Arrow              Conj/Erth      0%         3d7       100%        3
 Summon Guardian Golem    Hex/Summ       0%         N/A       100%        3
 Animate Armour           Summ/Erth      0%         N/A       100%        4
 Dispel Undead            Necr           0%         3d6       100%        4
 Fulminant Prism          Conj/Hex       0%         3d6       100%        4
 Passage of Golubria      Tloc           N/A        N/A       100%        4
 Agony                    Necr           0%         N/A       100%        5
 Blade Hands              Tmut           0%         N/A       100%        5
 Excruciating Wounds      Necr           0%         N/A       100%        5
 Manifold Assault         Tloc           0%         N/A       100%        5
 Silence                  Hex/Air        0%         N/A       100%        5
 Yara's Violent Unravell  Hex/Tmut       0%         3d3       100%        5
 Death Channel            Necr           0%         N/A       100%        6
 Storm Form               Tmut/Air       0%         N/A       100%        7
 Lehudib's Crystal Spear  Conj/Erth      0%         10d2      100%        8
 Chain Lightning          Conj/Air       0%         N/A       100%        9
 Fire Storm               Conj/Fire      0%         5d1       100%        9


Dungeon Overview and Level Annotations

Branches:
Dungeon (14/15)            Temple (1/1) D:6            Lair (6/6) D:8
  Swamp (0/4) Lair:3       Spider (0/4) Lair:2        Slime (0/5) Lair:5
    Orc (1/2) D:12
 Vaults: D:13-14

Altars:
Ashenzari
Cheibriados
Dithmenos
Elyvilon
Fedhas
Gozag
Hepliaklqana
Kikubaaqudgha
Makhleb
Nemelex Xobeh
Okawaru
Qazlal
Ru
Sif Muna
Trog
Vehumet
Wu Jian
Xom
Yredelemnul
Zin
The Shining One

Shops:
D:2 =   D:8 (=   D:13 [

Annotations:
D:14 Azrael
Lair:3 Need flight
Lair:4 exclusion: 2 oklob plants


Innate Abilities, Weirdness & Mutations

You have a pair of horns on your head.
You reflexively headbutt those who attack you in melee.
You possess an exceptional clarity of mind.


Message History

The black draconian breathes lightning at you.
The bolt of lightning hits you!!!
* * * LOW MAGIC WARNING * * *
* * * LOW HITPOINT WARNING * * *
A large abomination comes into view.
A snapping turtle skeleton comes into view.
Found 18 bolts.
An apocalypse crab comes into view.
As you read the scroll of teleportation {@r4}, it crumbles to dust.
You feel strangely unstable.
You feel the power of the Abyss delaying your translocation!
Aim: an apocalypse crab (88% to hit)
The bolt of acid hits the apocalypse crab!
The apocalypse crab is splashed with acid.
The acid corrodes the apocalypse crab!
The apocalypse crab bites you but does no damage.
You block the apocalypse crab's attack.
Aim: an apocalypse crab (moderately wounded, covered in acid, 88% to hit)
The bolt of acid hits the apocalypse crab!
The apocalypse crab is splashed with acid.
The apocalypse crab seems to be corroded for longer.
The apocalypse crab bites you but does no damage.
You block the apocalypse crab's attack.
You hit the apocalypse crab. You headbutt the apocalypse crab.
The apocalypse crab bites you but does no damage.
The apocalypse crab claws you but does no damage.
You slice the apocalypse crab!!
You kill the apocalypse crab!
Makhleb accepts your kill.
You feel better.
You start resting.
An efreet comes into view.
It is wielding a +4 scimitar of flaming.
You feel very mighty all of a sudden. The large abomination hits you!
* * * LOW MAGIC WARNING * * *
* * * LOW HITPOINT WARNING * * *
The efreet gestures at you.
The fireball explodes!
The fireball engulfs you!
* * * LOW MAGIC WARNING * * *
* * * LOW HITPOINT WARNING * * *
The black draconian breathes lightning at you.
The bolt of lightning hits you!!
* * * LOW MAGIC WARNING * * *
* * * LOW HITPOINT WARNING * * *
You hear a horrible gurgling sound!
You hear a bellow!
Unknown command.
The efreet gestures at you. The bolt of fire hits you!
* * * LOW MAGIC WARNING * * *
You die...

.## .. #. ..
... #§ ## #..
#.. .####.#
#.# .......
#..###.#.§§.
#.@.X..##
#...#...# # .
#§..#d#..# .#.
#.##R#.#####..
##...###.# ..#
##..#§.☼#Z .##
#####.. ○..# #
....#.#..#..
##...# d......


You could see a black draconian (catching breath), a large abomination, an
efreet and a snapping turtle skeleton.

Vanquished Creatures
  A bone dragon (Abyss:3)
  Jorgrun (D:14)
  A draconian monk (Abyss:3)
  Snorg (Lair:5)
  2 fire dragons (Lair:6)
  Fannar (D:10)
  8 hydras
  An ogre mage (D:12)
  Erica (Lair:1)
  9 two-headed ogres
  An orc high priest (Orc:1)
  2 thrashing horrors (Abyss:3)
  2 death yaks (Lair:3)
  4 swamp dragons
  A bog body (Lair:3)
  5 lindwurms
  An ugly thing (D:13)
  A wolf spider (Lair:2)
  An orc sorcerer (Orc:1)
  4 cyclopes
  3 manticores
  An apocalypse crab (Abyss:3)
  A cane toad (shapeshifter) (D:13)
  8 black mambas
  12 cane toads
  Joseph (Lair:1)
  An orange demon (Abyss:3)
  3 gargoyles
  4 torpor snails (Lair:6)
  A kobold demonologist (D:12)
  6 rime drakes
  Psyche (D:11)
  10 komodo dragons
  An efreet (D:12)
  An ancient zyme (Abyss:3)
  A jumping spider (Lair:2)
  A queen bee (shapeshifter) (Abyss:3)
  11 hornets
  5 trolls
  5 polar bears
  4 tyrant leeches (Lair:6)
  5 slime creatures (D:12)
  19 blink frogs
  7 dream sheep (Lair:6)
  A shadow (D:11)
  Sigmund (D:5)
  A ynoxinul (Abyss:3)
  2 wraiths
  A wyvern (Lair:6)
  A vampire (D:13)
  A spriggan (Lair:4)
  41 yaks
  2 fire elementals (D:14)
  A redback (Lair:2)
  9 humans (D:14)
  7 basilisks
  4 steam dragons
  2 vampire mosquitoes (D:13)
  A chaos spawn (Abyss:3)
  A neqoxec (Abyss:3)
  5 wargs
  2 acid dragons
  Duvessa (D:7)
  15 water moccasins
  5 hell hounds (D:14)
  2 swamp drakes (Lair:6)
  3 ice beasts
  6 orc warriors
  A small abomination (Abyss:3)
  3 sky beasts
  3 black bears
  A necrophage (D:4)
  8 ogres
  13 wolves
  4 centaurs
  3 kobold brigands
  2 phantoms
  Blork the orc (D:5)
  3 wyvern zombies
  18 bullfrogs
  3 scorpions
  A gnoll sergeant (D:6)
  Dowan (D:7)
  A water moccasin skeleton (D:5)
  A wyvern skeleton (D:6)
  4 killer bees (D:7)
  6 wights
  2 howler monkeys (D:12)
  2 electric eels
  3 lava snakes (D:12)
  3 bullfrog zombies (D:6)
  5 centaur zombies
  3 hounds
  3 centaur skeletons
  4 jellies
  A gnoll shaman (D:4)
  4 orc priests
  2 bullfrog skeletons
  8 iguanas
  10 orc wizards
  2 killer bee zombies
  A howler monkey zombie (D:5)
  7 gnolls
  A howler monkey skeleton (D:5)
  11 adders
  An ufetubus (D:4)
  An adder skeleton (D:4)
  2 dart slugs
  33 orcs
  9 endoplasms
  3 giant cockroaches (D:2)
  6 goblins
  8 hobgoblins
  8 jackals
  2 quokkas
  2 ball pythons
  5 bats
  5 frilled lizards
  16 kobolds
  A quokka skeleton (D:4)
  A rat (D:1)
  A fire vortex (D:12)
528 creatures vanquished.

Vanquished Creatures (collateral kills)
  A fire elemental (D:14)
1 creature vanquished.

Vanquished Creatures (others)
  An iguana (Lair:6)
  An orc wizard (D:12)
  11 fungi
  A lurking horror (Abyss:3)
  75 plants
89 creatures vanquished.

Grand Total: 618 creatures vanquished

Notes
Turn   | Place    | Note
-------+----------+-------------------------------------------
     0 | D:1      | Pooter the Minotaur Fighter began the quest for the Orb.
     0 | D:1      | Reached XP level 1. HP: 19/19 MP: 0/0
    87 | D:1      | Reached skill level 3 in Axes
    87 | D:1      | Reached XP level 2. HP: 22/27 MP: 1/1
   779 | D:2      | Found an opulent altar of Gozag.
   804 | D:2      | Found Qoaxkohum's Jewellery Boutique.
   808 | D:2      | Reached XP level 3. HP: 33/33 MP: 2/2
   852 | D:2      | Reached skill level 1 in Stealth
   910 | D:2      | Found a faded altar of an unknown god.
  1036 | D:2      | Reached skill level 4 in Axes
  1176 | D:2      | Noticed a phantom
  1185 | D:2      | Killed a phantom
  1186 | D:2      | Reached XP level 4. HP: 36/41 MP: 3/3
  1407 | D:3      | Reached skill level 5 in Axes
  1407 | D:3      | Reached XP level 5. HP: 14/47 MP: 4/4
  1428 | D:3      | HP: 2/47 [orc wizard/puff of flame (8)]
  1436 | D:3      | HP: 1/47 [something (2)]
  2064 | D:3      | Reached skill level 5 in Fighting
  2250 | D:3      | Identified 2 scrolls of acquirement
  2250 | D:3      | Acquired the +2 pair of boots of Space {Str+4 Int-3}
  2256 | D:3      | Acquired a +2 broad axe of flaming
  2564 | D:3      | Found an ornate altar of the Wu Jian Council.
  2701 | D:4      | Reached XP level 6. HP: 32/56 MP: 5/5
  2950 | D:4      | Reached skill level 6 in Axes
  3535 | D:4      | Reached XP level 7. HP: 62/62 MP: 6/6
  3764 | D:5      | Entered Level 5 of the Dungeon
  3793 | D:5      | Noticed Blork the orc
  3803 | D:5      | Killed Blork the orc
  3804 | D:5      | Reached skill level 7 in Axes
  4307 | D:5      | Reached skill level 8 in Axes
  4356 | D:5      | Noticed Sigmund
  4393 | D:5      | Reached skill level 1 in Slings
  4393 | D:5      | Reached XP level 8. HP: 43/71 MP: 4/7
  4664 | D:5      | Reached skill level 1 in Evocations
  4716 | D:5      | Killed Sigmund
  5338 | D:6      | Reached skill level 1 in Crossbows
  5342 | D:6      | Found a sparkling altar of Nemelex Xobeh.
  5345 | D:6      | Reached skill level 9 in Axes
  5546 | D:6      | Found a staircase to the Ecumenical Temple.
  5562 | Temple   | Entered the Ecumenical Temple
  5577 | Temple   | Became a worshipper of Makhleb the Destroyer
  6157 | D:6      | Reached XP level 9. HP: 73/79 MP: 8/8
  6160 | D:6      | Reached skill level 1 in Invocations
  6854 | D:7      | Found a broken altar of Ashenzari.
  6968 | D:7      | Noticed Dowan
  6969 | D:7      | Noticed Duvessa
  6981 | D:7      | Killed Duvessa
  6982 | D:7      | Reached skill level 5 in Stealth
  6990 | D:7      | Killed Dowan
  6991 | D:7      | Reached skill level 10 in Axes
  8215 | D:7      | Reached * piety under Makhleb
  8267 | D:8      | Found Xaocrora's Weapon Emporium.
  8296 | D:8      | Found Wiodut's Jewellery Emporium.
  8306 | D:8      | Bought a ring of see invisible for 210 gold pieces
  8405 | D:8      | Noticed a troll
  8413 | D:8      | Killed a troll
  8549 | D:8      | Reached skill level 5 in Crossbows
  8604 | D:8      | Found a white marble altar of Elyvilon.
  8623 | D:8      | Paralysed by a hornet for 2 turns
  8629 | D:8      | Reached XP level 10. HP: 37/88 MP: 6/11
  9030 | D:8      | Found a staircase to the Lair.
  9284 | D:2      | Bought a ring of poison resistance for 200 gold pieces
  9597 | D:9      | Noticed a two-headed ogre
  9603 | D:9      | Killed a two-headed ogre
 10205 | D:9      | Reached skill level 11 in Axes
 10362 | D:10     | Entered Level 10 of the Dungeon
 10415 | D:10     | Found a blossoming altar of Fedhas.
 10418 | D:10     | Noticed Fannar
 10435 | D:10     | HP: 4/90 [Fannar/bolt of cold (12)]
 10437 | D:10     | Killed Fannar
 10705 | D:10     | Found a basalt altar of Yredelemnul.
 11679 | Lair:1   | Entered Level 1 of the Lair of Beasts
 11701 | Lair:1   | Noticed a cane toad
 11737 | D:8      | Killed a cane toad
 11738 | D:8      | Reached XP level 11. HP: 52/97 MP: 8/13
 12720 | Lair:1   | Noticed Joseph
 12728 | Lair:1   | Killed Joseph
 12818 | Lair:1   | Noticed Erica
 12829 | Lair:1   | Killed Erica
 13264 | Lair:1   | Reached skill level 12 in Axes
 13539 | Lair:1   | Reached ** piety under Makhleb
 13540 | Lair:1   | Reached skill level 5 in Evocations
 13650 | Lair:1   | Found the +8 whip "Snakebite" {venom, curare, rPois}
 13766 | Lair:2   | Reached skill level 5 in Invocations
 13886 | Lair:2   | Reached skill level 5 in Slings
 13905 | Lair:2   | Reached skill level 1 in Maces & Flails
 14148 | Lair:2   | Found a hole to the Spider Nest.
 14160 | Lair:2   | Noticed a wolf spider
 14168 | Lair:2   | Killed a wolf spider
 14319 | Lair:2   | You fall into a shaft and drop 2 floors!
 14334 | Lair:3   | Reached XP level 12. HP: 80/106 MP: 9/14
 14593 | Lair:2   | Reached skill level 5 in Armour
 14885 | Lair:3   | Noticed a seven-headed hydra
 14894 | Lair:3   | Killed a four-headed hydra
 14901 | Lair:3   | Reached *** piety under Makhleb
 15092 | Lair:3   | Reached skill level 5 in Shields
 15156 | Lair:3   | Reached skill level 10 in Fighting
 15191 | Lair:3   | Found a staircase to the Swamp.
 15521 | Lair:3   | Reached skill level 13 in Axes
 15585 | Lair:3   | Noticed a death yak
 15600 | Lair:3   | Killed a death yak
 15643 | Lair:3   | Noticed a death yak
 15650 | Lair:3   | Killed a death yak
 15906 | Lair:3   | Identified the +4 dagger "Qiwkueh" {vorpal, *Slow Str+2
                  | Int+3 Stlth+}
 15977 | Lair:3   | Noticed a six-headed hydra
 15987 | Lair:3   | Killed a three-headed hydra
 16099 | Lair:3   | Reached **** piety under Makhleb
 16100 | Lair:3   | Reached XP level 13. HP: 114/114 MP: 16/16
 16119 | Lair:3   | Reached skill level 10 in Crossbows
 16682 | Lair:4   | Found a transporter.
 16788 | Lair:4   | Identified the +4 scale mail of Lifelessness {Int+2}
 16804 | Lair:4   | Gained mutation: You possess an exceptional clarity of
                  | mind. [potion of mutation]
 16987 | Lair:4   | Identified the +11 war axe of Ambiguity {freeze, rPois rF-
                  | Str+3}
 17457 | Lair:4   | Found a transporter.
 18069 | Lair:5   | Reached skill level 5 in Maces & Flails
 18124 | Lair:5   | Identified the +8 long sword "Sodes" {chaos, rElec rCorr
                  | Int+2 Dex+4}
 18230 | Lair:5   | Found a staircase to the Slime Pits.
 18482 | Lair:5   | Reached skill level 1 in Long Blades
 18633 | Lair:5   | Noticed Snorg
 18647 | Lair:5   | Killed Snorg
 19230 | D:2      | Bought a +6 ring of strength for 585 gold pieces
 20037 | Lair:6   | Entered Level 6 of the Lair of Beasts
 20075 | Lair:6   | Reached skill level 14 in Axes
 20208 | Lair:5   | Reached ***** piety under Makhleb
 21257 | Lair:6   | Reached XP level 14. HP: 110/124 MP: 16/18
 21438 | Lair:6   | Found a runed translucent door.
 22803 | D:11     | Noticed Psyche
 22807 | D:11     | Killed Psyche
 23583 | D:12     | Paralysed by an ogre mage for 6 turns
 23738 | D:12     | Found a staircase to the Orcish Mines.
 23755 | Orc:1    | Entered Level 1 of the Orcish Mines
 23883 | Orc:1    | Reached ****** piety under Makhleb
 23999 | Orc:1    | Paralysed by an orc sorcerer for 6 turns
 24173 | D:8      | Bought a +4 ring of slaying for 1092 gold pieces
 24571 | D:13     | Reached skill level 15 in Axes
 24650 | D:13     | Found Cheibriados's Comfort Zone.
 24650 | D:13     | Found a snail-covered altar of Cheibriados.
 24684 | D:13     | Identified the +4 spear of Dearphoxo {freeze, Fragile rElec
                  | rN+}
 26045 | D:14     | Noticed Jorgrun
 26090 | D:14     | Killed Jorgrun
 26434 | D:14     | Noticed Azrael
 26481 | D:14     | Reached XP level 15. HP: 14/132 MP: 2/19
 27100 | D:14     | Reached skill level 5 in Long Blades
 27101 | D:14     | Cast into level 2 of the Abyss (a wizard)
 27282 | Abyss:3  | Noticed a bone dragon
 27297 | Abyss:3  | Killed a bone dragon
 27392 | Abyss:3  | Noticed a green draconian monk
 27410 | Abyss:3  | Killed a green draconian monk
 27429 | Abyss:3  | HP: 6/132 [black draconian/bolt of lightning (19)]
 27430 | Abyss:3  | Killed from afar by an efreet

Illustrated notes

Levels and vault maps discovered:
D:1:      elethiomel_arrival_quiet, layout_rooms, serial_forest,
          infiniplex_forest_lined_3
D:2:      layout_rooms, chequers_ecumenical_altar_lobes, basic_altar,
          serial_shops, shop, minmay_misc_feat_ornament, kennysheep_flooded_box
D:3:      layout_basic, lemuel_coloured_pillars_altar, dk_vineyard_1,
          hex_intersection
D:4:      layout_loops_corners, fountainhead
D:5:      layout_cave_pools, kennysheep_donut, uniq_sigmund, uniq_blork_the_orc
D:6:      cheibrodos_barr_body, layout_cave_pods,
          nemelex_xobeh_ov_fountains_minmay, minmay_temple_entry_tees
D:7:      layout_layer_cave, evilmike_ruin_ashenzari, uniq_duvessa
D:8:      layout_basic, lemuel_round_altar, lair_entry_dummy, serial_shops,
          nicolae_shop_stone, nicolae_shop_statue_plus
D:9:      layout_gridville
D:10:     layout_basic, grunt_temple_overflow_open, uniq_fannar
D:11:     layout_cave_pools, uniq_psyche
D:12:     layout_big_octagon, minmay_orc_entry_guard_dogs
D:13:     layout_layer_cave, minmay_shop_chei
D:14:     layout_cave_pods, grunt_vaults_entry_tiered, patterned_corridor,
          uniq_jorgrun, uniq_azrael
Temple:   lightli_temple_of_artemis
Lair:1:   minmay_guarded_unrand_snakebite, layout_chaotic_city, minmay_holes,
          uniq_erica, uniq_joseph
Lair:2:   layout_roguey, spider_nest_entry_funnel_web
Lair:3:   nzn_winding_woodlands_stair_cross [nzn_winding_woodlands_5x15_zeroes,
          nzn_winding_woodlands_center_triple_pond,
          nzn_winding_woodlands_5x15_twine, nzn_winding_woodlands_5x5_open_star,
          nzn_winding_woodlands_5x5_checkerboard,
          nzn_winding_woodlands_5x15_crooked,
          nzn_winding_woodlands_center_lodge,
          nzn_winding_woodlands_5x15_parted], layout_cellular_growth,
          skrybe_swamp_entry_bodies, wad_woods_river_04, minmay_lindwurm_lava
Lair:4:   gammafunk_cloud_chamber, layout_regular_city,
          chequers_serial_rivers_marsh, minivault_25, st_stairs_10,
          wad_woods_river_02, grunt_forest_stairs_clearing,
          minmay_lair_oklob_chamber
Lair:5:   layout_cave_pods, nicolae_slime_entry_slimehenge, uniq_snorg
Lair:6:   guppyfry_lair_end_dragon, layout_hall_layers, wormcave,
          serial_bayou_shore_a, lemuel_fruit_tree, grunt_megastairs_2
Orc:1:    layout_caves
Abyss:3:  base: D:11, base: Lair:5, minivault_27, evilmike_abyss_exit_mutagenic,
          evilmike_abyss_exit_13, hangedman_decor_peaks_small,
          hangedman_abyss_rune_flesh_and_stone

Skill      XL: |  1  2  3  4  5  6  7  8  9 10 11 12 13 14 15 |
---------------+----------------------------------------------+-----
Axes           | 3 4 5 6 8 9 10 11 12 13 14 15 | 15.3
Fighting       | 4 5 6 7 8 9 10 11 | 11.8
Stealth        | 1 2 3 4 5 6 7 8 |  8.7
Slings         | 1 2 4 5 6 7 8 |  8.5
Evocations     | 2 3 4 5 6 7 |  7.6
Crossbows      | 2 5 7 8 9 10 | 10.0
Invocations    | 2 4 5 6 7 8 |  8.0
Armour         | 4 5 7 8 |  8.8
Shields        | 4 5 7 8 |  8.5
Maces & Flails | 1 4 5 7 |  7.0
Long Blades    | 2 4 5 |  5.3

Action                   |  1- 3 |  4- 6 |  7- 9 | 10-12 | 13-15 || total
-------------------------+-------+-------+-------+-------+-------++-------
Melee: War axe           |    74 |    33 |       |       |   454 ||   561
       Headbutt          |     9 |    10 |    28 |    54 |   162 ||   263
       Broad axe         |       |    55 |   182 |   343 |    97 ||   677
       Whip              |       |       |       |       |    51 ||    51
 Fire: Hunting sling     |       |    35 |    60 |   144 |    13 ||   252
       Hand crossbow     |       |       |       |       |   126 ||   126
Throw: Dart              |     5 |     2 |     2 |    48 |    37 ||    94
       Stone             |     4 |       |     6 |     2 |       ||    12
       Boomerang         |       |       |       |       |    24 ||    24
Invok: Lesser Servant of |       |       |       |       |     4 ||     4
Evoke: Wand              |       |       |    13 |    12 |    14 ||    39
  Use: Scroll            |     1 |     3 |    18 |     3 |    17 ||    42
       Potion            |       |     4 |     4 |     3 |     9 ||    20
 Stab: Paralysed         |       |       |     1 |     3 |     1 ||     5
Armor: Scale mail        |    43 |    41 |    34 |       |       ||   118
       Chain mail        |       |       |    44 |       |       ||    44
       Plate armour      |       |       |    37 |   269 |   368 ||   674
Dodge: Dodged            |    19 |    26 |    52 |    59 |   103 ||   259
Block: Kite shield       |    37 |    54 |   118 |   201 |   294 ||   704

Table legend: (Time is in decaauts)
 A = Elapsed time spent in this place.
 B = Non-inter-level travel time spent in this place.
 C = Inter-level travel time spent in this place.
 D = Time resting spent in this place.
 E = Time spent auto-exploring this place.
 F = Levels seen in this place.
 G = Mean time per level.
                   A        B        C        D        E       F      G
               +--------+--------+--------+--------+--------+-----+--------+
         Total |  27686 |  26102 |   1584 |   6744 |  13998 |  24 | 1153.6 |
       Dungeon |  16486 |  15411 |   1075 |   3746 |   9034 |  14 | 1177.6 |
        Temple |     29 |     16 |     13 |      0 |      0 |   1 |   29.0 |
          Lair |  10561 |  10102 |    459 |   2843 |   4941 |   6 | 1760.2 |
  Orcish Mines |    290 |    253 |     37 |      0 |     22 |   1 |  290.0 |
         Abyss |    319 |    319 |      0 |    155 |      0 |   2 |  159.5 |
               +--------+--------+--------+--------+--------+-----+--------+

Top non-repeatable levels by time:
  Lair:6: 2216 daAuts
  Lair:1: 1885 daAuts
  Lair:3: 1858 daAuts
     D:6: 1764 daAuts
  Lair:4: 1701 daAuts
  Lair:5: 1659 daAuts
     D:7: 1502 daAuts
     D:5: 1446 daAuts
     D:3: 1412 daAuts
     D:8: 1382 daAuts
    D:10: 1333 daAuts
    D:14: 1303 daAuts
    D:13: 1244 daAuts
  Lair:2: 1239 daAuts
     D:4: 1152 daAuts
